 Dungeon Crawl Stone Soup version 0.30-a0-1074-g5db6f66fbb (webtiles) character file.

Game seed: 9021783182048979152

390 bmack86 the Chopper (level 6, -3/56 HPs)
             Began as a Minotaur Fighter on Apr 13, 2023.
             Slain by a gnoll
             ... wielding a +0 halberd
              (7 damage)
             ... on level 3 of the Dungeon.
             The game lasted 00:07:57 (2468 turns).

bmack86 the Chopper (Minotaur Fighter)              Turns: 2468, Time: 00:07:59

Health: -3/56      AC:  8    Str: 22    XL:     6   Next: 50%
Magic:  5/5        EV:  9    Int:  5    God:
Gold:   165        SH:  5    Dex: 10    Spells: 5/5 levels left

rFire   . . .      SeeInvis .    a - +0 war axe
rCold   . . .      Faith    .    c - +0 buckler
rNeg    . . .      Spirit   .    b - +0 scale mail
rPois   .          Reflect  .    (helmet restricted)
rElec   .          Rampage  .    (no cloak)
rCorr   +                        u - +0 pair of gloves
Will    .....                    (no boots) Stlth
                                 (no amulet)
HPRegen 0.29/turn                q - ring of resist corrosion
MPRegen 0.09/turn                (no ring)

@: no status effects
A: horns 2, retaliatory headbutt
a: no special abilities


You were on level 3 of the Dungeon.
You visited 1 branch of the dungeon, and saw 3 of its levels.

You collected 165 gold pieces.

Inventory:

Hand Weapons
 a - a +0 war axe (weapon)
Missiles
 l - 8 poisoned darts (quivered)
Armour
 b - a +0 scale mail (worn)
 c - a +0 buckler (worn)
 u - a +0 pair of gloves (worn)
Jewellery
 q - a ring of resist corrosion (left hand)
Wands
 w - a wand of paralysis (1)
Scrolls
 e - a scroll of teleportation {unknown}
 g - a scroll of butterflies {unknown}
 m - a scroll of brand weapon {unknown}
 p - 2 scrolls of blinking {unknown}
 r - a scroll of magic mapping {unknown}
 t - a scroll of amnesia {unknown}
 v - a scroll of immolation {unknown}
 x - a scroll of poison {unknown}
Potions
 d - a potion of might
 f - a potion of invisibility
 h - 3 potions of flight
 i - 2 potions of ambrosia
 j - a potion of haste
 k - a potion of cancellation
 n - a potion of berserk rage
 s - 2 potions of resistance


   Skills:
 + Level 5.1 Fighting
 * Level 5.6 Axes
 + Level 5.1 Armour
 + Level 5.1 Shields


You had 5 spell levels left.
You didn't know any spells.
Your spell library contained the following spells:

 Spells                   Type           Power      Damage    Failure   Level
 Summon Small Mammal      Summ           0%         N/A       86%         1
 Call Canine Familiar     Summ           0%         N/A       99%         3
 Summon Guardian Golem    Hex/Summ       0%         N/A       99%         3


Dungeon Overview and Level Annotations

Branches:
Dungeon (3/15)

Altars:


Innate Abilities, Weirdness & Mutations

You have a pair of horns on your head.
You reflexively headbutt those who attack you in melee.


Message History

The gnoll closely misses you. You furiously retaliate!
You headbutt the gnoll. You block the orc's attack.
The gnoll bouda hits you with a +0 club!
You hit the gnoll bouda. Your headbutt misses the gnoll bouda.
The gnoll bouda is moderately wounded.
You hit the gnoll. You hit the orc.
You kill the orc!
You hit the gnoll.
The gnoll hits you from afar with a +0 halberd!
* * * LOW HITPOINT WARNING * * *
The gnoll hits you with a +0 flail.
* * * LOW HITPOINT WARNING * * *
The gnoll closely misses you.
A gnoll comes into view. It is wielding a +0 flail.
The gnoll bouda hits you with a +0 club.
* * * LOW HITPOINT WARNING * * *
An orc comes into view. It is wielding a +2 heavy mace.
The gnoll hits you from afar with a +0 halberd.
* * * LOW HITPOINT WARNING * * *
It was a potion of curing.
You feel better.
The orc shouts!
The gnoll hits you with a +0 flail.
* * * LOW HITPOINT WARNING * * *
You block the gnoll's attack.
The gnoll bouda calls upon its god to heal the gnoll.
The gnoll is healed somewhat.
The orc hits you but does no damage. The gnoll closely misses you.
You closely miss the gnoll bouda.
The gnoll bouda is moderately wounded.
You hit the gnoll but do no damage. You hit the gnoll.
You kill the gnoll!
You barely miss the orc.
Your attacks no longer feel as feeble.
The gnoll closely misses you. You furiously retaliate!
You headbutt the gnoll!
You kill the gnoll!
The gnoll bouda hits you with a +0 club!
* * * LOW HITPOINT WARNING * * *
The orc hits you but does no damage.
The gnoll hits you from afar with a +0 halberd!
You die...

# .#....#.. # .'....'. #
#....# #+
########'g'o#############.
........................#o
###~
≈≈~~~~~~....~~~~≈~~≈~~~~##
≈≈≈≈
≈≈≈≈≈≈≈≈≈..g.~≈≈≈≈≈≈≈≈≈≈~≈≈
≈≈≈~
~~~~~~~≈≈~og))~≈≈~≈~~≈~≈~~~~
....
..........)@)...............
..
#................)###.......
.# ###.........).......#
####.###
.#.............###.#>.## #.#
.#...........#.....##.#####
#.#
..............######.....###.#
#.............## #####...#.#
.............## #...#.###
##......>..#.# #......#.


You could see a gnoll bouda, 2 gnolls and 2 orcs.

Vanquished Creatures
  Sigmund (D:3)
  A howler monkey (D:3)
  A hound (D:3)
  Ijyb (D:3)
  5 gnolls
  An ufetubus (D:3)
  3 worms
  A dart slug (D:1)
  7 orcs (D:3)
  3 bats
  5 endoplasms
  3 giant cockroaches (D:1)
  15 goblins
  2 hobgoblins
  17 jackals
  3 quokkas
  5 ball pythons
  2 frilled lizards
  7 kobolds
  9 rats
92 creatures vanquished.

Vanquished Creatures (others)
  A fungus (D:3)
  A plant (D:3)
2 creatures vanquished.

Grand Total: 94 creatures vanquished

Notes
Turn   | Place    | Note
-------+----------+-------------------------------------------
     0 | D:1      | bmack86 the Minotaur Fighter began the quest for the Orb.
     0 | D:1      | Reached XP level 1. HP: 19/19 MP: 0/0
    75 | D:1      | Reached XP level 2. HP: 21/27 MP: 1/1
   356 | D:1      | Reached XP level 3. HP: 33/33 MP: 2/2
  1024 | D:2      | Reached XP level 4. HP: 36/40 MP: 3/3
  1632 | D:3      | Noticed Sigmund
  1653 | D:3      | Killed Sigmund
  1654 | D:3      | Reached skill level 5 in Axes
  1654 | D:3      | Reached XP level 5. HP: 34/47 MP: 4/4
  1808 | D:3      | Identified the +2 helmet of Mordant Tender Moments {rC+}
  2029 | D:3      | Reached XP level 6. HP: 55/55 MP: 5/5
  2029 | D:3      | Noticed Ijyb
  2032 | D:3      | Paralysed by Ijyb for 5 turns
  2041 | D:3      | Killed Ijyb
  2169 | D:3      | Reached skill level 5 in Shields
  2183 | D:3      | Reached skill level 5 in Fighting
  2183 | D:3      | Reached skill level 5 in Armour
  2466 | D:3      | HP: 2/56 [gnoll/+0 halberd (5)]
  2468 | D:3      | Slain by a gnoll

Illustrated notes

Levels and vault maps discovered:
D:1:      amcnicky_arrival_blooded_trapdoor, layout_loops_ring
D:2:      layout_basic, nicolae_kite_square_tiling_tiny
D:3:      lemuel_castle_with_subvaults [lemuel_castle_interior_carwin_1],
          layout_rooms, minmay_pentangle, uniq_sigmund, uniq_ijyb

Skill      XL: |  1  2  3  4  5  6 |
---------------+-------------------+-----
Axes           | 3 5 |  5.6
Armour         | 4 5 |  5.1
Fighting       | 4 5 |  5.1
Shields        | 4 5 |  5.1

Action                     |  1- 3 |  4- 6 || total
---------------------------+-------+-------++-------
  Melee: War axe           |    79 |    99 ||   178
         Headbutt          |     9 |    13 ||    22
    Use: Scroll            |     3 |     4 ||     7
         Potion            |       |     1 ||     1
 Armour: Scale mail        |    43 |    61 ||   104
  Dodge: Dodged            |    40 |    61 ||   101
  Block: Buckler           |    23 |    30 ||    53

Table legend: (Time is in decaauts)
 A = Elapsed time spent in this place.
 B = Non-inter-level travel time spent in this place.
 C = Inter-level travel time spent in this place.
 D = Time resting spent in this place.
 E = Time spent auto-exploring this place.
 F = Levels seen in this place.
 G = Mean time per level.
                   A        B        C        D        E       F      G
               +--------+--------+--------+--------+--------+-----+--------+
         Total |   2528 |   2495 |     33 |      0 |   1500 |   3 |  842.7 |
       Dungeon |   2528 |   2495 |     33 |      0 |   1500 |   3 |  842.7 |
               +--------+--------+--------+--------+--------+-----+--------+

Top non-repeatable levels by time:
     D:2: 924 daAuts
     D:3: 869 daAuts
     D:1: 734 daAuts
